 Dungeon Crawl Stone Soup version 0.31-a0-845-g9abc20d24f (webtiles) character file.

Game seed: 15085085719476266401

170 Nattfarinn the Changeling (level 5, -2/49 HPs)
             Began as a Troll Shapeshifter on Oct 2, 2023.
             Succumbed to Duvessa's poison
             ... on level 3 of the Dungeon.
             The game lasted 00:02:28 (2108 turns).

Nattfarinn the Changeling (Troll Shapeshifter)      Turns: 2108, Time: 00:02:28

Health: -2/49      AC:  4    Str: 24    XL:     5   Next: 25%
Magic:  4/4        EV:  9    Int:  6    God:
Gold:   152        SH:  0    Dex:  9    Spells: 4/4 levels left

rFire   . .          .
                       - Unarmed
rCold   . . .        (no shield)
rNeg    . . .        a - +0 animal skin
rPois   .            (helmet currently unavailable)
rElec   .            (cloak currently unavailable)
rCorr   .            (gloves unavailable)
SInv    .            (boots unavailable)
Will    .....        (no amulet)
Stlth   +            (no ring)
HPRegen 1.08/turn    (no ring)
MPRegen 0.09/turn

%: no passive effects
@: brilliant, lethally poisoned (-2 -> -12), beast-form
A: beast (slay +2), large, unfitting armour, claws 3, regeneration 1, shaggy fur
1, tough skin 1
a: Begin Untransformation


You were on level 3 of the Dungeon.
You were a hulking beast.
You visited 1 branch of the dungeon, and saw 4 of its levels.

You collected 152 gold pieces.

Inventory:

Armour
 a - a +0 animal skin (worn)
 q - a +0 cloak
Talismans
 c - a beast talisman (active)
 d - a flux talisman
Wands
 l - a wand of mindburst (13)
Scrolls
 e - 3 scrolls of blinking {unknown}
 i - 2 scrolls of identify {unknown}
 j - 2 scrolls of poison {unknown}
 k - a scroll of vulnerability {unknown}
 m - a scroll of fear {unknown}
 o - a scroll of revelation {unknown}
 p - a scroll of enchant armour {unknown}
Potions
 b - a potion of lignification
 f - a potion of heal wounds {unknown}
 g - 2 potions of degeneration {unknown}
 h - 2 potions of brilliance
 n - a potion of might {unknown}


   Skills:
 + Level 2.0 Fighting
 - Level 1.5 Dodging
 + Level 4.0 Unarmed Combat
 * Level 4.5 Shapeshifting


You had 4 spell levels left.
You didn't know any spells.
Your spell library contained the following spells:

 Spells                   Type           Power      Damage    Failure   Level
 Dazzling Flash           Conj/Hex       0%         N/A       83%         3
 Volatile Blastmotes      Fire/Tloc      0%         2d10      83%         3
 Starburst                Conj/Fire      0%         6d3       100%        6
 Maxwell's Capacitive Co  Air            0%         ∞         100%        8


Dungeon Overview and Level Annotations

Branches:
Dungeon (4/15)
 Temple: D:4-7

Altars:

Annotations:
D:3 Duvessa


Innate Abilities, Weirdness & Mutations

You are a hulking beast.
Your limbs bulge with bestial killing power. (Slay +2)
You are too large for most types of armour.
You have claws for hands.
Your natural rate of healing is unusually fast.
You are covered in fur. (AC +1)
You have tough skin. (AC +1)


Message History

The goblin hits you with a +0 club.
The ball python hisses angrily.
You claw the goblin!
You kill the goblin!
Duvessa, Sister of Dowan comes into view.
She is wielding a +2 rapier of venom and carrying a wand of flame.
Duvessa shouts!
Dowan mumbles some strange words.
Dowan blinks!
Duvessa zaps a wand.
The puff of flame hits you! Dowan casts a spell at you.
The puff of frost hits you but does no damage.
Duvessa zaps a wand.
The puff of flame hits you.
There is a stone staircase leading up here.
You claw Dowan!
Dowan is heavily wounded.
Dowan hits you with a +0 dagger.
You claw Dowan!
You kill Dowan!
Duvessa screams, "No!
How DARE you!"
Duvessa goes berserk!
Your Fighting skill increases to level 2!
Your Unarmed Combat skill increases to level 4!
You have reached level 5!
Duvessa attacks as she pursues you! Duvessa barely misses you.
The ball python barely misses you.
There is a stone staircase leading up here.
Duvessa closely misses you.
Duvessa hits you with a +2 rapier of venom!
The ball python misses you.
You climb upwards.
There is a stone staircase leading down here.
You scratch the ball python.
The ball python is severely wounded.
Duvessa hits you with a +2 rapier of venom!
* * * LOW HITPOINT WARNING * * *
You are lethally poisoned!
The ball python bites you but does no damage.
Unknown command.
It was a potion of brilliance.
You feel clever all of a sudden.
You die...

.....##.######.#####.....##...#..
##.#..........>.............(.#.#
##.#####..#####..###.....#..#....
#..# ##).....<.................
#.## ####.########.......##......
#.####.......####...(............
#.#<...#####.##...##(....##(.....
#...#....................##......
...............eh.....##.........
................S........###.....
................#....)...##......
..................###....##.###.#
.........(........###....##.# #.#
........#......##......####.###.#
.....####......##......##...#...#
.....##...........####.##(###.###
............#...### #....# #.#


You could see Duvessa (berserk) and a ball python.

Vanquished Creatures
  Dowan (D:4)
  5 adders
  2 worms
  12 ball pythons
  4 endoplasms
  5 giant cockroaches
  7 goblins
  4 hobgoblins
  8 jackals
  3 quokkas
  6 bats
  A frilled lizard (D:1)
  4 kobolds
  5 rats
67 creatures vanquished.

Notes
Turn   | Place    | Note
-------+----------+-------------------------------------------
     0 | D:1      | Nattfarinn the Troll Shapeshifter began the quest for the
                  | Orb.
     0 | D:1      | Reached XP level 1. HP: 18/18 MP: 0/0
   138 | D:1      | Reached skill level 1 in Fighting
   149 | D:1      | Reached XP level 2. HP: 27/27 MP: 1/1
   927 | D:2      | Reached XP level 3. HP: 32/33 MP: 2/2
  1158 | D:2      | Reached XP level 4. HP: 30/41 MP: 3/3
  2094 | D:4      | Noticed Dowan
  2098 | D:4      | Noticed Duvessa
  2103 | D:4      | Killed Dowan
  2104 | D:4      | Reached XP level 5. HP: 30/49 MP: 4/4
  2107 | D:3      | HP: 2/49 [Duvessa/+2 rapier of venom (17)]
  2108 | D:3      | Succumbed to Duvessa's poison

Illustrated notes

Levels and vault maps discovered:
D:1:      lemuel_arrival_tunnels, layout_basic, chequers_jeans
D:2:      layout_basic, minmay_shallow_snake_nest
D:3:      layout_rooms
D:4:      layout_basic, uniq_duvessa

Skill      XL: |  1  2  3  4 |
---------------+-------------+-----
Fighting       | 1 2 |  2.0
Shapeshifting  | 4 |  4.5
Unarmed Combat | 4 |  4.0
Dodging        | |  1.5

Action                     |  1- 3 |  4- 6 || total
---------------------------+-------+-------++-------
  Melee: Unarmed           |    84 |    65 ||   149
         Punch             |     1 |     1 ||     2
    Use: Potion            |       |     1 ||     1
 Armour: Animal skin       |    48 |    50 ||    98
  Dodge: Dodged            |    36 |    28 ||    64

Table legend: (Time is in decaauts)
 A = Elapsed time spent in this place.
 B = Non-inter-level travel time spent in this place.
 C = Inter-level travel time spent in this place.
 D = Time resting spent in this place.
 E = Time spent auto-exploring this place.
 F = Levels seen in this place.
 G = Mean time per level.
                   A        B        C        D        E       F      G
               +--------+--------+--------+--------+--------+-----+--------+
         Total |   2098 |   1942 |    156 |      0 |   1601 |   4 |  524.5 |
       Dungeon |   2098 |   1942 |    156 |      0 |   1601 |   4 |  524.5 |
               +--------+--------+--------+--------+--------+-----+--------+

Top non-repeatable levels by time:
     D:1: 902 daAuts
     D:2: 701 daAuts
     D:3: 482 daAuts
     D:4: 11 daAuts
